 Dungeon Crawl Stone Soup version 0.31-a0-174-g85c54bcb58 (webtiles) character file.

Game seed: 4643084492993803224

68 qw the Shooter (level 4, -1/39 HPs)
             Began as a Naga Hunter on June 15, 2023.
             Slain by an orc
             ... wielding a +0 flail
              (2 damage)
             ... on level 3 of the Dungeon.
             The game lasted 00:00:26 (1113 turns).

qw the Shooter (Naga Hunter)                        Turns: 1113, Time: 00:00:26

Health: -1/39      AC:  2    Str: 19    XL:     4   Next: 19%
Magic:  4/4        EV:  9    Int: 10    God:
Gold:   97         SH:  0    Dex: 16    Spells: 3/3 levels left

rFire   . . .        Y - +0 shortbow
rCold   . . .        (shield currently unavailable)
rNeg    . . .        c - +0 leather armour
rPois   +            (no helmet)
rElec   .            (no cloak)
rCorr   .            (no gloves)
SInv    +            (no barding)
Will    .....        (no amulet)
Stlth   ++           b - +6 ring of strength
HPRegen 0.26/turn    (no ring)
MPRegen 0.09/turn

%: no passive effects
@: about to teleport, very slow
A: AC +1, large, see invisible, deformed body, poison resistance, slowness 2,
spit poison 1, naga tail 1
a: Spit Poison


You were on level 3 of the Dungeon.
You visited 1 branch of the dungeon, and saw 3 of its levels.

You collected 97 gold pieces.


Innate Abilities, Weirdness & Mutations

Your serpentine skin is tough. (AC +1)
You have supernaturally acute eyesight. (SInv)
Armour fits poorly on your strangely shaped body.
Your system is resistant to poisons. (rPois)
You cover ground very slowly.
You can spit poison.
You have a snake-like lower body.


   Skills:
 + Level 2.2 Fighting
 - Level 5.0 Ranged Weapons
 - Level 1.5 Dodging
 - Level 1.5 Stealth


You had 3 spell levels left.
You didn't know any spells.
Your spell library was empty.

Inventory:

Hand Weapons
 Y - a +0 shortbow (weapon)
Armour
 c - a +0 leather armour (worn)
Jewellery
 b - a +6 ring of strength (left hand)
Scrolls
 a - a scroll of identify
Potions
 e - a potion of curing
 f - a potion of lignification {unknown}
 g - a potion of invisibility {unknown}
 h - a potion of haste {unknown}

Dungeon Overview and Level Annotations

Branches:
Dungeon (3/15)

Altars:

Shops:
D:1 !


Message History

You see here a +0 dagger.
There is a stone staircase leading down here.
You climb downwards.
Found a stone staircase leading down.
There is a stone staircase leading up here.
Waypoint 2 assigned to D:3.
A quokka comes into view.
You shoot an arrow. The arrow hits the quokka.
The quokka is heavily wounded.
1100 ||| INVOKING Spit Poison.
Aiming: Spit Poison (1% risk of failure)
Press: ? - help, Shift-Dir - straight line, f/p - quokka The splash of poison hits the quokka!
You kill the quokka!
You have got your breath back. 3 orcs come into view.
1107 ||| INVOKING Spit Poison.
Aiming: Spit Poison (1% risk of failure)
Press: ? - help, Shift-Dir - straight line, f - orc The splash of poison hits the orc!
The orc is poisoned.
You kill the orc!
The orc shouts!
You shoot an arrow. The arrow barely misses the orc.
You hear a shout!
You shoot an arrow. The arrow hits the orc.
The orc is heavily wounded.
An ogre comes into view. It is wielding a +0 giant club.
You shoot an arrow. The arrow completely misses the orc.
You shoot an arrow. The arrow closely misses the orc.
The ogre closely misses you. The orc hits you with a +0 dagger.
You shoot an arrow. The arrow closely misses the orc.
The orc completely misses you. The orc hits you with a +0 flail.
The ogre hits you with a +0 giant club!!
Ouch! That really hurt!
1113 ||| READING scroll of teleportation.
As you read the scroll of teleportation, it crumbles to dust.
You feel strangely unstable.
You have got your breath back.
The orc hits you with a +0 flail.
You die...

#...# ...# ...#
...# # #..# ?#
#######..# ..
.....)oo.#.###.
#@O......
#.##..... #.#
... #.# . #.#
#.# #.#
########.#
#..>...<.#


You could see an ogre and 2 orcs.

Vanquished Creatures
  Terence (D:2)
  An adder (D:2)
  A worm (D:2)
  A dart slug (D:1)
  An orc (D:3)
  2 ball pythons (D:1)
  4 endoplasms
  A giant cockroach (D:1)
  4 goblins
  A hobgoblin (D:1)
  4 quokkas
  2 bats (D:1)
  4 frilled lizards
  A kobold (D:1)
  3 rats
31 creatures vanquished.

Notes
Turn   | Place    | Note
-------+----------+-------------------------------------------
     0 | D:1      | qw the Naga Hunter began the quest for the Orb.
     0 | D:1      | Reached XP level 1. HP: 19/19 MP: 1/1
     0 | D:1      | 0 ||| qw: Version: 0.2-a-29-g511e9b1
     0 | D:1      | 0 ||| qw: Game counter: 5414
     0 | D:1      | 0 ||| qw: Always use a shield: true
     0 | D:1      | 0 ||| qw: God list: Okawaru
     0 | D:1      | 0 ||| qw: Allow faded altars: false
     0 | D:1      | 0 ||| qw: Do Orc after D:15 true
     0 | D:1      | 0 ||| qw: Do second Lair branch before Depths: true
     0 | D:1      | 0 ||| qw: Lair rune preference: random
     0 | D:1      | 0 ||| qw: Plans: Normal
     0 | D:1      | 0 ||| PLANNING D:1-11
    68 | D:1      | 68 ||| INVOKING Spit Poison.
   100 | D:1      | Found a faded altar of an unknown god.
   124 | D:1      | 124 ||| INVOKING Spit Poison.
   127 | D:1      | Reached skill level 4 in Ranged Weapons
   127 | D:1      | Reached XP level 2. HP: 26/26 MP: 2/2
   146 | D:1      | 146 ||| INVOKING Spit Poison.
   157 | D:1      | 157 ||| INVOKING Spit Poison.
   162 | D:1      | 162 ||| INVOKING Spit Poison.
   425 | D:1      | Found Voniab's Distillery.
   443 | D:1      | 443 ||| SHOPLISTING potion of curing (42 gold, have 32).
   443 | D:1      | 443 ||| SHOPLISTING potion of haste (140 gold, have 32).
   443 | D:1      | 443 ||| SHOPLISTING potion of heal wounds (70 gold, have
                  | 32).
   443 | D:1      | 443 ||| SHOPLISTING potion of might (56 gold, have 32).
   443 | D:1      | 443 ||| SHOPLISTING potion of mutation (112 gold, have 32).
   443 | D:1      | 443 ||| SHOPLISTING potion of resistance (140 gold, have
                  | 32).
   446 | D:1      | 446 ||| INVOKING Spit Poison.
   462 | D:1      | 462 ||| INVOKING Spit Poison.
   600 | D:1      | 600 ||| READING 2 scrolls labelled URAOSK GONAHER.
   601 | D:1      | 601 ||| READING 2 scrolls labelled QAFFAT MUGOSISK.
   602 | D:1      | 602 ||| READING scroll labelled CUAM NITTURYQI.
   603 | D:1      | 603 ||| READING scroll labelled CEMATHEAGG.
   604 | D:1      | 604 ||| DRINKING 2 black potions.
   605 | D:1      | 605 ||| DROPPING scroll of butterflies.
   606 | D:1      | 606 ||| DROPPING scroll of fog.
   626 | D:2      | 626 ||| INVOKING Spit Poison.
   632 | D:2      | 632 ||| INVOKING Spit Poison.
   675 | D:2      | 675 ||| INVOKING Spit Poison.
   760 | D:2      | Noticed Terence
   761 | D:2      | 761 ||| INVOKING Spit Poison.
   764 | D:2      | Killed Terence
   765 | D:2      | Reached XP level 3. HP: 32/32 MP: 3/3
   835 | D:2      | 835 ||| INVOKING Spit Poison.
   844 | D:2      | 844 ||| INVOKING Spit Poison.
   946 | D:2      | 946 ||| INVOKING Spit Poison.
   952 | D:2      | 952 ||| INVOKING Spit Poison.
   953 | D:2      | Reached skill level 5 in Ranged Weapons
   953 | D:2      | Reached XP level 4. HP: 29/39 MP: 4/4
  1008 | D:2      | 1008 ||| INVOKING Spit Poison.
  1070 | D:2      | 1070 ||| UPGRADING to +6 ring of strength.
  1071 | D:2      | 1071 ||| READING 2 scrolls labelled ROASSA BAHIH.
  1100 | D:3      | 1100 ||| INVOKING Spit Poison.
  1107 | D:3      | 1107 ||| INVOKING Spit Poison.
  1109 | D:3      | Noticed an ogre
  1112 | D:3      | HP: 1/39 [ogre/+0 giant club (32)]
  1113 | D:3      | 1113 ||| READING scroll of teleportation.
  1113 | D:3      | Slain by an orc

Levels and vault maps discovered:
D:1:      giann_bridges, layout_basic, serial_shops,
          nicolae_shop_tiny_statue_garden,
          dreamdust_ecumenical_altar_angels_and_demons
D:2:      layout_basic, uniq_terence
D:3:      minmay_wonky_spiral, layout_loops_ring, minitemple,
          uniq_crazy_yiuf_cottage, uniq_grinder

Skill      XL: |  1  2  3 |
---------------+----------+-----
Ranged Weapons | 4 5 |  5.0
Fighting       | |  2.2
Dodging        | |  1.5
Stealth        | |  1.5

Action                     |  1- 3 |  4- 6 || total
---------------------------+-------+-------++-------
   Fire: Shortbow          |    46 |    10 ||    56
Ability: Spit Poison       |    15 |     3 ||    18
    Use: Scroll            |     4 |     2 ||     6
         Potion            |     1 |       ||     1
 Armour: Leather armour    |     4 |       ||     4
  Dodge: Dodged            |     8 |     2 ||    10

Table legend:
 A = Non-vault XP
 B = Vault XP
 C = Vault XP percentage of total XP
 D = Non-vault monster count
 E = Vault monster count
 F = Vault count percentage of total count
                 A         B        C        D         E       F
            +---------+---------+-------+---------+---------+-------
      Total |      66 |      32 |  32.7 |      30 |       1 |   3.2
            +---------+---------+-------+---------+---------+-------
        D:1 |      31 |       0 |   0.0 |      18 |       0 |   0.0
        D:2 |      30 |      32 |  51.6 |      10 |       1 |   9.1
        D:3 |       5 |       0 |   0.0 |       2 |       0 |   0.0
            +---------+---------+-------+---------+---------+-------
